 Dungeon Crawl Stone Soup version 0.19-a0-684-gf760df0 (webtiles) character file.

14417 Kenran the Destroyer (level 11, 0/67 HPs)
             Began as a Deep Elf Conjurer on June 18, 2016.
             Was a Believer of Vehumet.
             Succumbed to a killer bee's poison
             ... on level 12 of the Dungeon.
             The game lasted 00:48:46 (15269 turns).

Kenran the Destroyer (Deep Elf Conjurer)           Turns: 15269, Time: 00:48:46

Health: 0/67       AC: 11    Str:  5    XL:     11   Next: 88%
Magic:  1/27       EV: 22    Int: 24    God:    Vehumet [**....]
Gold:   830        SH:  6    Dex: 15    Spells: 3 memorised, 22 levels left

rFire  . . .     SeeInvis +     n - staff of conjuration {!a}
rCold  . . .     Gourm    .     N - +1 robe {rN+}
rNeg   + . .     Faith    .     (no shield)
rPois  .         Spirit   .     e - +2 helmet
rElec  .         Dismiss  .     m - +0 cloak
rCorr  .         Reflect  +     y - +0 pair of gloves
SustAt .         Harm     .     k - +2 pair of boots
MR     +....                    t - +6 amulet of reflection
Stlth  ++........               P - +3 ring of evasion
                                l - ring of see invisible

@: lethally poisoned (0 -> -9), somewhat resistant to hostile enchantments,
unstealthy
A: no striking features
a: Renounce Religion


You were on level 12 of the Dungeon.
You worshipped Vehumet.
Vehumet was pleased with you.
You were not hungry.

You visited 2 branches of the dungeon, and saw 14 of its levels.
You also visited: Ossuary.

You collected 830 gold pieces.

Inventory:

Armour
 e - a +2 helmet (worn)
 k - a +2 pair of boots (worn)
 m - a +0 cloak (worn)
 y - a +0 pair of gloves (worn)
 N - a +1 robe of positive energy (worn)
Magical Staves
 n - an uncursed staff of conjuration (weapon) {!a}
 K - an uncursed staff of air
 W - an uncursed staff of earth
Jewellery
 l - a ring of see invisible (left hand)
 t - a +6 amulet of reflection (around neck)
 u - an uncursed ring of flight
 P - a +3 ring of evasion (right hand)
Wands
 d - a wand of random effects (48/48)
 j - a wand of slowing (32/48)
 w - a wand of lightning (8/15)
 z - a wand of enslavement (16/24)
 J - a wand of digging (11/24)
 S - a wand of slowing (18/48)
 U - a wand of lightning (8/15)
 X - a wand of iceblast (9/15)
Scrolls
 g - 5 scrolls of enchant weapon
 o - a scroll of fog
 s - a scroll of enchant armour
 D - a scroll of remove curse {@r2}
 L - a scroll of acquirement {unknown}
 M - 2 scrolls of immolation {!r}
Potions
 f - a potion of brilliance {unknown}
 i - 2 potions of might
 p - a potion of heal wounds {@q2}
 q - 3 potions of ambrosia
 r - a potion of magic {unknown}
 x - a potion of agility {unknown}
 A - 2 potions of flight
 B - 2 potions of haste {unknown}
 C - a potion of invisibility {unknown}
 E - a potion of berserk rage {unknown}
 G - 3 potions of curing {@q1}
 H - 2 potions of resistance {unknown}
 I - 3 potions of degeneration {!q}
 O - a potion of cancellation {unknown}
 Q - a potion of cure mutation
 R - 3 potions of mutation {unknown}
 V - a potion of lignification {unknown}
Books
 b - a book of Conjurations

   Spells                             Type                      Level
   a - Magic Dart                     Conjuration                  1
   b - Searing Ray                    Conjuration                  2
   c - Dazzling Spray                 Conjuration/Hexes            3
   d - Fulminant Prism                Conjuration/Hexes            4
   e - Iskenderun's Mystic Blast      Conjuration                  4
   f - Iskenderun's Battlesphere      Conjuration/Charms           5
 v - a book of Burglary

   Spells                             Type                      Level
   a - Swiftness                      Charms/Air                   2
   b - Passwall                       Transmutation/Earth          2
   c - Passage of Golubria            Translocation                4
   d - Lee's Rapid Deconstruction     Earth                        5
   e - Darkness                       Hexes                        6
   f - Invisibility                   Hexes                        6
 T - a book of Transfigurations

   Spells                             Type                      Level
   a - Irradiate                      Conjuration/Transmutation    5
   b - Statue Form                    Transmutation/Earth          6
   c - Hydra Form                     Transmutation                6
   d - Dragon Form                    Transmutation                7
 Y - a book of Battle

   Spells                             Type                      Level
   a - Infusion                       Charms                       1
   b - Shroud of Golubria             Charms/Translocation         2
   c - Song of Slaying                Charms                       2
   d - Spectral Weapon                Hexes/Charms                 3
   e - Regeneration                   Charms/Necromancy            3
Comestibles
 a - a chunk of flesh
 c - 5 bread rations {@e1}
 h - 6 meat rations {@e1}


   Skills:
 - Level 7.1 Fighting
 - Level 10.0 Dodging
 - Level 2.4 Stealth
 - Level 10.0 Spellcasting
 + Level 12.4 Conjurations
 - Level 11.3 Charms


You had 22 spell levels left.
You knew the following spells:

 Your Spells              Type           Power        Failure   Level  Hunger
a - Magic Dart            Conj           ####         1%          1    None
b - Searing Ray           Conj           ######       1%          2    None
c - Iskenderun's Battles  Conj/Chrm      #######.     1%          5    ####...


Dungeon Overview and Level Annotations

Branches:
Dungeon (13/15)            Temple (1/1) D:6            Lair (0/6) D:10
    Orc (0/2) D:9
 Vaults: D:13-14

Altars:
Elyvilon
Fedhas
Gozag
Makhleb
Pakellas
Sif Muna
Vehumet

Shops:
D:8 :   D:10 =[=


Message History

* * * LOW HITPOINT WARNING * * *
The killer bee completely misses you. x2; The killer bee barely misses you.
You feel sick.
The killer bee stings you but does no damage.
The killer bee completely misses you.
Okay, then.
You feel sick. You block the killer bee's attack. The killer bee misses you.
You feel sick. You block the killer bee's attack. The killer bee stings you!
* * * LOW HITPOINT WARNING * * *
You are more poisoned.
The killer bee poisons you!
Casting: Magic Dart
Confirm with . or Enter, or press ? or * to list all spells.
Aiming: Magic Dart
Press: ? - help, Shift-Dir - straight line, f/p - hill giant
Aim: a hill giant, wielding a giant spiked club (severely wounded)
You feel a surge of power!
The magic dart hits the hill giant.
The hill giant is severely wounded.
The killer bee buzzes angrily. x2
You die...

##.........##
##..
#...........##
.##
#............#
##......y.....
#............
##.y.....###.
#.......#
#y..##.ysC.#
.### ##y@..#
######


You could see a hill giant, a scorpion and 4 killer bees.

Vanquished Creatures
  2 hydras (D:13)
  A centaur warrior (D:13)
  2 unseen horrors
  Pikel (D:7)
  A deep elf mage (D:13)
  2 hill giants
  A centaur skeleton (D:12)
  3 trolls
  Grinder (D:4)
  3 two-headed ogres
  10 yaks
  A wraith (D:12)
  The ghost of Dorikus the Archer, an amateur CeHu (D:4)
  3 hippogriffs
  Edmund (D:6)
  2 water moccasins
  Duvessa (D:7)
  A sky beast (D:8)
  An orc warrior (D:8)
  A wasp (D:12)
  2 ice beasts
  3 phantoms
  8 ogres
  4 centaurs
  4 giant frogs
  Dowan (D:7)
  3 scorpions
  2 wyvern skeletons
  7 killer bees
  4 wights (D:9)
  3 howler monkeys (D:6)
  4 crimson imps
  A giant frog zombie (D:8)
  4 orc priests
  3 hounds
  A gnoll shaman (D:7)
  3 giant frog skeletons
  Crazy Yiuf (D:2)
  Jessica (D:2)
  3 iguanas
  13 orc wizards
  5 worker ants
  A killer bee zombie (D:8)
  A big kobold zombie (Ossuary)
  2 hound skeletons
  8 mummies (Ossuary)
  A worker ant zombie (D:7)
  A howler monkey zombie (D:5)
  6 gnolls
  A howler monkey skeleton (D:4)
  14 adders
  A shadow imp (D:9)
  An adder skeleton (D:4)
  A worm (D:5)
  6 dart slugs
  4 giant geckos
  37 orcs
  7 giant cockroaches
  4 goblins
  5 hobgoblins
  9 jackals
  6 quokkas
  7 bats
  A giant gecko skeleton (D:9)
  7 giant newts
  2 hobgoblin zombies (Ossuary)
  A jackal skeleton (D:9)
  A jackal zombie (D:6)
  6 kobolds
  2 kobold zombies (Ossuary)
  3 orc zombies (Ossuary)
  2 quokka skeletons
  A quokka zombie (D:6)
  7 rats
  2 fungi (D:2)
277 creatures vanquished.

Vanquished Creatures (others)
  A centaur warrior (D:13)
  A slave (D:7)
  2 centaurs
  An orc wizard (D:7)
  3 gnolls (D:7)
  14 plants (D:10)
22 creatures vanquished.

Grand Total: 299 creatures vanquished

Notes
Turn   | Place    | Note
--------------------------------------------------------------
     0 | D:1      | Kenran the Deep Elf Conjurer began the quest for the Orb.
     0 | D:1      | Reached XP level 1. HP: 10/10 MP: 6/6
   230 | D:1      | Reached XP level 2. HP: 15/15 MP: 5/8
   408 | D:1      | Learned a level 2 spell: Searing Ray
   489 | D:1      | Reached skill level 5 in Conjurations
  1140 | D:2      | Reached XP level 3. HP: 19/19 MP: 0/9
  1315 | D:2      | Noticed Jessica
  1332 | D:2      | Killed Jessica
  1332 | D:2      | Reached skill level 6 in Conjurations
  1439 | D:2      | Reached XP level 4. HP: 24/24 MP: 7/10
  1827 | D:2      | Reached skill level 5 in Spellcasting
  1827 | D:2      | Reached XP level 5. HP: 28/28 MP: 0/14
  2127 | D:2      | Noticed Crazy Yiuf
  2752 | D:3      | Learned a level 5 spell: Iskenderun's Battlesphere
  3174 | D:4      | Noticed Dorikus's ghost (amateur CeHu)
  3183 | D:4      | Killed Dorikus's ghost
  3183 | D:4      | Reached skill level 5 in Dodging
  3183 | D:4      | Reached XP level 6. HP: 31/32 MP: 4/15
  3453 | D:4      | Noticed Grinder
  3465 | D:4      | Killed Grinder
  3465 | D:4      | Reached skill level 5 in Charms
  3465 | D:4      | Reached XP level 7. HP: 17/36 MP: 2/16
  4444 | D:5      | Entered Level 5 of the Dungeon
  4531 | D:5      | Reached skill level 7 in Conjurations
  4852 | D:5      | Reached skill level 8 in Conjurations
  4965 | D:5      | Noticed a hippogriff
  5121 | D:5      | Reached XP level 8. HP: 35/41 MP: 8/19
  5122 | D:5      | Reached skill level 1 in Fighting
  6434 | D:6      | Found a sand-covered staircase.
  6443 | Ossuary  | Entered an ossuary
  7002 | D:6      | Noticed Edmund
  7019 | D:6      | Killed Edmund
  7191 | D:6      | Found an opulent altar of Gozag.
  7357 | D:6      | Found a staircase to the Ecumenical Temple.
  7365 | D:6      | Reached skill level 9 in Conjurations
  7365 | D:6      | Reached XP level 9. HP: 44/52 MP: 14/20
  7407 | Temple   | Entered the Ecumenical Temple
  7417 | Temple   | Became a worshipper of Vehumet
  7776 | D:2      | Killed Crazy Yiuf
  8001 | D:7      | Noticed Dowan
  8002 | D:7      | Noticed Duvessa
  8274 | D:6      | Reached skill level 10 in Conjurations
  8985 | D:7      | Killed Duvessa
  8990 | D:7      | Killed Dowan
  9117 | D:7      | Noticed Pikel
  9120 | D:7      | Killed Pikel
  9120 | D:7      | Reached skill level 10 in Charms
  9259 | D:7      | Reached * piety under Vehumet
  9259 | D:7      | Offered knowledge of Sting by Vehumet.
  9875 | D:8      | Found a burning altar of Makhleb.
  9893 | D:8      | Noticed an unseen horror
  9909 | D:8      | Killed an unseen horror
  9909 | D:8      | Reached XP level 10. HP: 20/56 MP: 6/24
 10514 | D:8      | Found Qozeohi's Book Shoppe.
 11857 | D:9      | Found a staircase to the Orcish Mines.
 11875 | D:9      | Reached skill level 11 in Conjurations
 12240 | D:10     | Entered Level 10 of the Dungeon
 12265 | D:10     | Found a staircase to the Lair.
 12296 | D:10     | Found Pelaba's Armour Boutique.
 12380 | D:10     | Reached skill level 12 in Conjurations
 12395 | D:10     | Reached ** piety under Vehumet
 12395 | D:10     | Offered knowledge of Freeze by Vehumet.
 12532 | D:10     | Reached skill level 10 in Spellcasting
 12755 | D:10     | Reached XP level 11. HP: 60/61 MP: 12/27
 12917 | D:10     | Found Vana's Jewellery Boutique.
 13135 | D:10     | Noticed a hill giant
 13142 | D:10     | Killed a hill giant
 13193 | D:10     | Found Homigh's Jewellery Shop.
 13343 | D:10     | You fall through a shaft for 3 floors!
 13343 | D:13     | Noticed a deep elf mage
 13347 | D:13     | Killed a deep elf mage
 13496 | D:13     | Noticed a centaur warrior
 13752 | D:13     | Killed a centaur warrior
 13946 | D:13     | Reached skill level 10 in Dodging
 14000 | D:13     | Noticed a hill giant
 14012 | D:13     | Killed a hill giant
 14227 | D:13     | Noticed a seven-headed hydra
 14233 | D:13     | Noticed a centaur warrior
 14240 | D:13     | Killed a seven-headed hydra
 14240 | D:13     | Offered knowledge of Ignite Poison by Vehumet.
 14240 | D:13     | Reached skill level 5 in Fighting
 14443 | D:13     | Noticed an unseen horror
 14448 | D:13     | Killed an unseen horror
 14517 | D:13     | Noticed a seven-headed hydra
 14531 | D:13     | Killed a seven-headed hydra
 14810 | D:13     | Killed a centaur warrior
 15232 | D:12     | Noticed a hill giant
 15268 | D:12     | HP: 1/67 [killer bee (8)]
 15269 | D:12     | Succumbed to a killer bee's poison

Vault maps used:
D:1:      scummos_arrival_forest, grunt_decor_mini_mirrors
D:2:      first_bread, uniq_crazy_yiuf_cottage, uniq_jessica
D:4:      minmay_misc_feat_diagonals, uniq_grinder
D:5:      due_unseen_surprise
D:6:      nicolae_gozag_cash_rules_everything_around_me,
          minmay_temple_entry_trees, enter_ossuary_3, uniq_edmund
D:7:      uniq_duvessa, uniq_pikel
D:8:      lemuel_doored_altar, serial_shops, shop
D:9:      orc_0_dummy
D:10:     david_lair_shrubbed, serial_shops, shop, nicolae_shop_crystal, shop
D:11:     hangedman_tree_tricks
Temple:   dpeg_circular_temple_20
Ossuary:  ossuary_tomb_3

Skill      XL: |  1  2  3  4  5  6  7  8  9 10 11 |
---------------+----------------------------------+-----
Conjurations   | 5 6 8 9 10 12 | 12.4
Spellcasting   | 5 6 8 10 | 10.0
Dodging        | 5 7 10 | 10.0
Charms         | 5 7 11 | 11.3
Fighting       | 4 7 |  7.1
Stealth        | |  2.4

Action                   |  1- 3 |  4- 6 |  7- 9 | 10-12 || total
-------------------------+-------+-------+-------+-------++-------
Melee: Dagger            |     4 |       |       |       ||     4
       Club              |       |    39 |    19 |       ||    58
       Staff             |       |       |     2 |       ||     2
 Cast: Magic Dart        |    56 |    87 |   336 |   308 ||   787
       Searing Ray       |       |     5 |    31 |    22 ||    58
       Iskenderun's Batt |       |       |    11 |    29 ||    40
Evoke: Wand              |       |       |     1 |       ||     1
  Use: Scroll            |     2 |     5 |     7 |     7 ||    21
       Potion            |       |       |       |     2 ||     2
  Eat: Chunk             |     1 |     6 |    18 |     7 ||    32
       Fruit             |       |       |     1 |     2 ||     3
       Bread ration      |       |       |     1 |     2 ||     3
       Pizza             |       |       |       |     1 ||     1
       Beef jerky        |       |       |       |     1 ||     1
Armor: Robe              |     6 |     3 |    51 |    31 ||    91
Dodge: Dodged            |    10 |     8 |   146 |   173 ||   337
Block: Other             |       |       |    39 |    63 ||   102
       Reflection        |       |       |       |     7 ||     7
